 Dungeon Crawl Stone Soup version 0.27-a0-1434-g6f15984924 (webtiles) character file.

Game seed: 14516889330586986758

3 runninginthe90s the Sneak (level 1, -1/14 HPs)
             Began as a Kobold Delver on July 3, 2021.
             Slain by a white imp (2 damage)
             ... on level 5 of the Dungeon.
             The game lasted 00:00:18 (130 turns).

runninginthe90s the Sneak (Kobold Delver)            Turns: 130, Time: 00:00:18

Health: -1/14      AC:  3    Str:  9    XL:     1   Next: 55%
Magic:  1/1        EV: 14    Int: 11    God:
Gold:   0          SH:  0    Dex: 16    Spells: 0/0 levels left

rFire    . . .     SeeInvis .   a - +0 short sword
rCold    . . .     Faith    .   (shield restricted)
rNeg     . . .     Spirit   .   b - +0 leather armour
rPois    .         Reflect  .   (no helmet)
rElec    .         Harm     .   (no cloak)
rCorr    .         Rampage  .   (no gloves)
Will     .....                  (no boots)
Stlth    ++++......             (no amulet)
HPRegen  0.04/turn              (no ring)
MPRegen  0.07/turn              (no ring)

@: no status effects
A: small, no large weapons, nightstalker 3
a: no special abilities


You were on level 5 of the Dungeon.
You visited 1 branch of the dungeon, and saw 1 of its levels.

Inventory:

Hand Weapons
 a - a +0 short sword (weapon)
Armour
 b - a +0 leather armour (worn)
Wands
 e - a wand of digging (3)
Scrolls
 c - a scroll of fog
 d - a scroll of magic mapping
 g - a scroll of fear
Potions
 h - a potion of haste


   Skills:
 + Level 3.3 Fighting
 + Level 2.8 Short Blades
 - Level 2.4 Dodging
 + Level 6.6 Stealth


You couldn't memorise any spells.
You didn't know any spells.
Your spell library was empty.

Dungeon Overview and Level Annotations

Branches:
Dungeon (5/15)
 Temple: D:4-7

Altars:
Zin


Innate Abilities, Weirdness & Mutations

You are small and have problems with some larger weapons.
You are completely attuned to the shadows.


Message History

Welcome, runninginthe90s the Kobold Delver.
Will you prevail where others failed? Will you find the Orb of Zot?
Found a stone staircase leading down.
An adder skeleton comes into view.
Found a glowing silver altar of Zin.
The adder skeleton barely misses you.
You hit the adder skeleton. The adder skeleton bites you.
You take 4 damage, and have 10/14 hp.
MASSIVE DAMAGE!!
You hit the adder skeleton. The adder skeleton bites you.
You take 1 damage, and have 9/14 hp.
You barely miss the adder skeleton. The adder skeleton closely misses you.
You hit the adder skeleton.
The adder skeleton completely misses you.
You completely miss the adder skeleton. The adder skeleton misses you.
You hit the adder skeleton.
You destroy the adder skeleton!
A white imp comes into view.
You see here 2 gold pieces.
You start resting.
Health restored: 14 The white imp shouts!
You see here 2 gold pieces.
You barely miss the white imp.
The white imp hits you but does no damage.
You barely miss the white imp. The white imp gestures at you.
The puff of frost hits you!
Ouch! That really hurt!
* * * LOW HITPOINT WARNING * * *
You take 12 damage, and have 2/14 hp.
MASSIVE DAMAGE!!
You hit the white imp. The white imp closely misses you.
You hit the white imp. The white imp hits you.
* * * LOW HITPOINT WARNING * * *
The white imp freezes you.
You die...

##+####.......#
#..............#
#........##..>##
#........##.###
#........##.#
#.......###.#
#.......# #.#
#.$.....# #+#
#..@._...
#...5....
..........
.........
...######


You could see a white imp.

Vanquished Creatures
  An adder skeleton (D:5)
1 creature vanquished.

Notes
Turn   | Place    | Note
-------+----------+-------------------------------------------
     0 | D:5      | runninginthe90s the Kobold Delver began the quest for the
                  | Orb.
     0 | D:5      | Reached XP level 1. HP: 14/14 MP: 1/1
    11 | D:5      | Found a glowing silver altar of Zin.
   130 | D:5      | Slain by a white imp

Illustrated notes

Levels and vault maps discovered:
D:5:      layout_basic, marbit_many_paths, overflow_temple_1_default,
          lemuel_tele_altar, grunt_ministairs_3

Action                   || total
-------------------------++-------
Melee: Short sword       ||    10
Armor: Leather armour    ||     1
Dodge: Dodged            ||     5

Table legend: (Time is in decaauts)
 A = Elapsed time spent in this place.
 B = Non-inter-level travel time spent in this place.
 C = Inter-level travel time spent in this place.
 D = Time resting spent in this place.
 E = Time spent auto-exploring this place.
 F = Levels seen in this place.
 G = Mean time per level.
                   A        B        C        D        E       F      G
               +--------+--------+--------+--------+--------+-----+--------+
         Total |    129 |    129 |      0 |    102 |      8 |   1 |  129.0 |
       Dungeon |    129 |    129 |      0 |    102 |      8 |   1 |  129.0 |
               +--------+--------+--------+--------+--------+-----+--------+

Top non-repeatable levels by time:
     D:5: 129 daAuts
